 Dungeon Crawl Stone Soup version 0.14.1-1-g650416f (webtiles) character file.

102091 Indrah22 the Covert (level 16, -29/77 HPs)
             Began as a Vine Stalker Hunter on May 8, 2014.
             Was a High Priest of Fedhas.
             Killed from afar by a deep elf sorcerer (35 damage)
             ... with a blast of hellfire
             ... on Level 3 of the Elven Halls on May 11, 2014.
             The game lasted 04:30:22 (26272 turns).

Indrah22 the Covert (Vine Stalker Hunter)          Turns: 26272, Time: 04:30:22

HP -29/77        AC 20     Str 21      XL: 16   Next: 30%
MP   0/42        EV 15     Int 21      God: Fedhas [*****.]
Gold 845         SH  0     Dex 22      Spells:  9 memorised,  8 levels left

rFire  + . .     SeeInvis .     d - +5,+11 whip of Uncertain Death {speed, Int+4}
rCold  + . .     Clarity  +     v - +4 ring mail {rF+}
rNeg   + . .     Conserve .     (no shield)
rPois  .         rCorr    .     T - +2 hat
rElec  .         rRot     +     y - +2 cloak
SustAb . .       Spirit   +     W - +2 pair of gloves
rMut   .         Warding  .     C - +1 pair of boots
Saprov . . .     Stasis   .     Y - amulet of the Four Winds {Clar rN+ MR+++}
MR     +++++                    Z - ring "Masawi" {rC+ Str+4 Dex+5 Int+3}
                                i - ring of magical power

@: repel missiles, very slightly contaminated, almost entirely resistant to
hostile enchantments, extremely stealthy
A: fangs 3, regeneration 3, magic shield, antimagic bite, no device heal
a: Evolution, Sunlight, Growth, Reproduction, Rain, Renounce Religion


You were on level 3 of the Elven Halls.
You worshipped Fedhas.
Fedhas was extremely pleased with you.
You were not hungry.

You visited 5 branches of the dungeon, and saw 27 of its levels.
You also visited: Ice Cave.

You collected 2722 gold pieces.
You spent 1877 gold pieces at shops.

Inventory:

Hand weapons
 a - a +0 blowgun
 d - the +5,+11 whip of Uncertain Death (weapon) {speed, Int+4}
   (You found it on level 4 of the Dungeon)

   Attacks with this weapon are significantly faster.
   It affects your intelligence (+4).
 w - a +4,+2 crossbow
Missiles
 x - 5 curare-tipped needles
 N - 3 throwing nets
 O - 4 steel tomahawks
 R - 114 bolts
 S - 5 poisoned tomahawks (quivered)
Armour
 v - a +4 ring mail of fire resistance (worn)
 y - a +2 cloak (worn)
 C - a +1 pair of boots (worn)
 T - a +2 hat (worn)
 W - a +2 pair of gloves (worn)
Magical devices
 b - a wand of fireball (0)
 g - a wand of lightning (0)
 j - a wand of digging (13)
 n - a wand of enslavement (1)
 u - a wand of disintegration (11)
 D - a wand of paralysis (7)
Comestibles
 f - 9 bread rations
 o - 10 strawberries
 q - 2 meat rations
Scrolls
 k - 6 scrolls of fear
 l - 5 scrolls of teleportation
 m - 2 scrolls of identify
 p - 2 scrolls of remove curse
 r - 3 scrolls of blinking
 A - 2 scrolls of immolation
 H - 2 scrolls of magic mapping
Jewellery
 h - an uncursed amulet of resist corrosion {unknown}
 i - a ring of magical power (left hand)
 Y - the amulet of the Four Winds (around neck) {Clar rN+ MR+++}
   (You bought it in a shop on level 4 of the Orcish Mines)

   [amulet of clarity]

   It protects you from negative energy.
   It affects your resistance to hostile enchantments.
 Z - the ring "Masawi" (right hand) {rC+ Str+4 Dex+5 Int+3}
   (You bought it in a shop on level 4 of the Orcish Mines)

   [ring of protection from cold]

   It affects your strength (+4).
   It affects your intelligence (+3).
   It affects your dexterity (+5).
Potions
 c - 3 potions of restore abilities
 e - 3 potions of invisibility
 s - 7 potions of curing
 F - a potion of berserk rage
Books
 G - a book of Callings

   Spells                             Type                      Level
   Summon Small Mammal                Summoning                    1
   Call Imp                           Summoning                    2
   Call Canine Familiar               Summoning                    3
   Summon Guardian Golem              Hexes/Summoning              4
   Summon Lightning Spire             Summoning/Air                4
   Summon Ice Beast                   Ice/Summoning                4
Miscellaneous
 I - a phial of floods


   Skills:
 - Level 6.1 Fighting
   Level 0.5 Short Blades
 - Level 12.0 Maces & Flails
 - Level 7.1 Crossbows
 + Level 3.7 Armour
 + Level 5.8 Dodging
 + Level 14.0 Stealth
 + Level 8.5 Spellcasting
 + Level 5.0 Conjurations
 - Level 6.6 Hexes
 * Level 10.1 Charms
 - Level 3.9 Translocations
 + Level 3.4 Air Magic
 + Level 9.2 Invocations
 - Level 6.8 Evocations


You had 8 spell levels left.
You knew the following spells:

 Your Spells              Type           Power        Failure   Level  Hunger
a - Shroud of Golubria    Chrm/Tloc      #####.....   1%          2    None
b - Spectral Weapon       Hex/Chrm       #####...     1%          3    None
c - Blink                 Tloc           N/A          1%          2    None
d - Apportation           Tloc           ####......   1%          1    None
e - Haste                 Chrm           ######..     21%         6    ######.
f - Dazzling Spray        Conj/Hex       ####....     1%          3    None
g - Repel Missiles        Chrm/Air       #####.       1%          2    None
h - Flight                Chrm/Air       #####.....   1%          3    None
s - Song of Slaying       Chrm           ######..     1%          2    None


Dungeon Overview and Level Annotations

Branches:
Dungeon (11/15)            Temple (1/1) D:5             Orc (4/4) D:11
    Elf (3/3) Orc:3          Lair (8/8) D:8           Swamp (0/5) Lair:5
  Snake (0/5) Lair:4        Slime (0/6) Lair:8

Altars:
Ashenzari
Cheibriados
Dithmenos
Elyvilon
Fedhas
Kikubaaqudgha
Makhleb
Nemelex Xobeh
Sif Muna
Trog
Vehumet
Xom
Yredelemnul
Zin
The Shining One
Beogh
Jiyva

Shops:
D:11 [   Orc:1 [   Orc:2 [   Orc:4 :=[(!   Elf:1 :


Innate Abilities, Weirdness & Mutations

You are immune to rotting.
You have razor-sharp teeth.
You regenerate.
When hurt, damage is shared between your health and your magic reserves.
Your bite disrupts and absorbs the magic of your enemies.
Potions and wands cannot restore your HP.


Message History

Your spectral weapon shares its damage with you!
Your spectral weapon fades away.
The deep elf annihilator casts a spell at you.
The crystal spear hits you!
* * * LOW HITPOINT WARNING * * *
You see here a runed long sword.
Read which item? (? for menu, Esc to quit)
As you read the scroll of blinking, it crumbles to dust.
A powerful magic interferes with your control of the blink.
You blink.
Drink which item? (? for menu, Esc to quit)
Okay, then.
Casting: Spectral Weapon
Confirm with . or Enter, or press ? or * to list all spells.
Okay, then.
The deep elf sorcerer casts a spell at you.
The hellfire explodes!
The blast of hellfire engulfs you!
One of your 3 scrolls of remove curse catches fire!
You die...
Fedhas appreciates your contribution to the ecosystem.

.'...# ##.e4## #..^ .f...#
#34#([# #... ##f..# #.###.# #...
##..f###### #e4#f.#### ####...
###....#..# #.)##.(()####'###..
##.....#..#####..#####)##.......)
##.....'.......e.# #.<'........
##....##.........#####)##........
.'...##########.@......###.......
##..## ########## ##...... ####
#######


You could see a deep elf annihilator, a deep elf sorcerer, an iron devil and a
chaos spawn.

Vanquished Creatures
  2 deep elf master archers (Elf:3)
  3 deep elf sorcerers (Elf:3)
  Donald (Orc:3)
  2 deep elf demonologists (Elf:3)
  An orc warlord (Orc:2)
  A stone giant (Orc:4)
  3 deep elf annihilators (Elf:3)
  A green death (Elf:3)
  Snorg (Lair:7)
  4 deep elf death magi (Elf:3)
  2 hydras
  Harold (Lair:1)
  Erica (Lair:1)
  16 death yaks (Lair:8)
  An orc high priest (Orc:4)
  7 spectral elves (Elf:3)
  3 catoblepae (Lair:8)
  9 deep elf knights
  The ghost of Kae the Bludgeoner, an experienced MiFi of Okawaru (D:9)
  4 unseen horrors
  4 orc knights (Orc:4)
  A swamp dragon (Lair:8)
  4 deep elf summoners
  13 deep elf conjurers
  Joseph (Lair:1)
  3 hill giants
  4 orc sorcerers (Orc:4)
  4 griffons
  A cyclops (D:10)
  Maurice (Orc:3)
  3 black mambas
  9 spiny frogs
  A queen ant (Lair:6)
  A smoke demon (Orc:4)
  A gargoyle (D:11)
  A feature mimic (Lair:3)
  A hellwing (Elf:3)
  A fire drake (Lair:5)
  A red devil (Orc:4)
  3 komodo dragons
  6 deep elf priests
  3 trolls
  An iron devil (Elf:3)
  A boggart (shapeshifter) (Elf:1)
  A two-headed ogre (D:10)
  A basilisk (Lair:3)
  2 boulder beetles
  11 blink frogs
  19 deep elf magi
  33 yaks
  A hill giant zombie (D:9)
  6 sharks
  An elephant slug (Lair:6)
  A ynoxinul (Orc:4)
  A wraith (D:11)
  A wyvern (Lair:6)
  A spriggan (D:7)
  2 steam dragons (D:11)
  Grum (Orc:4)
  3 nagas (Lair:4)
  19 deep elf fighters
  8 hippogriffs
  Edmund (D:9)
  4 soldier ants (Lair:6)
  23 wolves
  4 wargs
  11 water moccasins
  12 porcupines
  4 giant goldfish
  25 orc warriors
  5 black bears
  8 ice beasts
  2 sky beasts
  8 ogres
  A phantom (D:11)
  2 lost souls (Elf:3)
  11 crocodiles
  A manticore zombie (D:11)
  The ghost of seth the Caller, an average MfSu (D:4)
  Duvessa (D:4)
  8 centaurs
  17 giant frogs
  10 giant slugs
  A big kobold (D:10)
  A wyvern skeleton (D:6)
  2 scorpions
  A hippogriff zombie (D:10)
  15 wights
  4 killer bees (D:8)
  A hippogriff skeleton (D:6)
  A troll skeleton (D:8)
  6 crimson imps
  12 electric eels
  Dowan (D:4)
  A goliath beetle (D:6)
  A quasit (D:7)
  A giant frog skeleton (D:4)
  21 orc priests
  Crazy Yiuf (D:3)
  19 hounds
  2 jellies
  30 orc wizards
  3 big fish
  7 iguanas
  21 worker ants
  22 sheep
  An ogre skeleton (D:5)
  22 adders
  43 green rats
  7 gnolls
  An inept feature mimic (D:5)
  A shadow imp (D:6)
  4 giant mites
  9 worms
  An adder skeleton (D:4)
  4 orc skeletons
  9 giant geckos
  135 orcs
  2 ball pythons
  20 bats
  3 giant cockroaches
  25 goblins
  19 hobgoblins
  16 kobolds
  2 oozes (D:3)
  9 quokkas
  3 giant newts
  A hobgoblin skeleton (D:4)
  A hobgoblin zombie (D:6)
  16 jackals
  3 orc zombies
  A quokka zombie (D:7)
  23 rats
  7 rat skeletons
  A ballistomycete (Orc:2)
967 creatures vanquished.

Vanquished Creatures (collateral kills)
  A deep elf demonologist (Elf:3)
  2 orc high priests (Orc:4)
  Erolcha (Orc:3)
  A spiny frog (Lair:1)
  3 hellwings (Orc:4)
  A deep elf priest (Elf:2)
  A troll (D:5)
  A komodo dragon (Lair:2)
  A small abomination (Elf:3)
  A shark (Lair:7)
  2 blink frogs
  A deep elf fighter (Elf:1)
  2 yaks (Lair:1)
  6 wolves
  A neqoxec (Orc:4)
  A warg (Orc:1)
  A water moccasin (Lair:7)
  Menkaure (D:4)
  2 ogres
  A yak skeleton (Orc:4)
  A quasit (D:11)
  An orc priest (Orc:3)
  2 worker ants
  A big kobold skeleton (D:5)
  2 adders
  A green rat (Lair:2)
  3 ufetubi (Orc:4)
  2 wandering mushrooms
  14 orcs
  2 hobgoblins (Orc:3)
  2 quokkas
  5 giant spores
  4 rat skeletons (Orc:4)
  3 toadstools (Orc:4)
74 creatures vanquished.

Vanquished Creatures (others)
  An oklob plant (Lair:7)
  8 spectral weapons
  A deep elf conjurer (Elf:3)
  7 hyperactive ballistomycetes (Orc:4)
  2 water elementals
  A yak (Lair:5)
  2 deep elf fighters
  A yak skeleton (Orc:4)
  2 giant spores
  A rat skeleton (Orc:4)
  23 wandering mushrooms
  2 ballistomycetes
  3 fungi
  4 plants
  524 toadstools
582 creatures vanquished.

Grand Total: 1623 creatures vanquished

Notes
Turn   | Place    | Note
--------------------------------------------------------------
     0 | D:1      | Indrah22, the Vine Stalker Hunter, began the quest for the Orb.
     0 | D:1      | Reached XP level 1. HP: 9/9 MP: 1/1
   101 | D:1      | Reached skill level 1 in Fighting
   107 | D:1      | Reached XP level 2. HP: 12/14 MP: 3/3
   609 | D:2      | Reached XP level 3. HP: 15/18 MP: 4/4
  1030 | D:2      | Reached skill level 4 in Crossbows
  1172 | D:2      | Reached XP level 4. HP: 22/22 MP: 5/5
  1519 | D:2      | Found a blossoming altar of Fedhas.
  1531 | D:2      | Became a worshipper of Fedhas Madash
  1752 | D:3      | Reached XP level 5. HP: 7/26 MP: 7/7
  1833 | D:3      | Found a glowing silver altar of Zin.
  1921 | D:3      | Found a snail-covered altar of Cheibriados.
  2143 | D:3      | Found a sparkling altar of Nemelex Xobeh.
  2258 | D:3      | Reached skill level 1 in Evocations
  2258 | D:3      | Gained mutation: You heal very quickly. [vine stalker growth]
  2258 | D:3      | Reached XP level 6. HP: 28/30 MP: 9/9
  2398 | D:3      | Noticed Crazy Yiuf
  2406 | D:3      | Killed Crazy Yiuf
  2654 | D:4      | Found a bloodstained altar of Trog.
  2665 | D:4      | Noticed seth's ghost (average MfSu)
  2686 | D:4      | Noticed Duvessa
  2689 | D:4      | Noticed Dowan
  2696 | D:4      | Killed Duvessa
  2716 | D:4      | Killed Dowan
  2716 | D:4      | Reached XP level 7. HP: 35/35 MP: 11/11
  2796 | D:4      | Killed seth's ghost
  2796 | D:4      | Reached skill level 5 in Stealth
  2840 | D:4      | Acquired Fedhas' first power
  2856 | D:4      | Reached skill level 5 in Crossbows
  2978 | D:4      | Got a bloodstained whip
  2979 | D:4      | Identified the +5,+11 whip of Uncertain Death {speed, Int+4} (You found it on level 4 of the Dungeon)
  3079 | D:4      | Noticed Menkaure
  3086 | D:4      | Killed Menkaure
  3086 | D:4      | Reached skill level 1 in Maces & Flails
  3559 | D:5      | Entered Level 5 of the Dungeon
  3648 | D:5      | Gained mutation: You have razor-sharp teeth. [vine stalker growth]
  3648 | D:5      | Reached XP level 8. HP: 35/40 MP: 13/13
  3675 | D:5      | Found a staircase to the Ecumenical Temple.
  3804 | D:5      | Noticed a troll
  3820 | D:5      | Killed a troll
  3820 | D:5      | Reached skill level 6 in Stealth
  4084 | D:5      | Found a glowing drain.
  4085 | D:5      | the glowing drain was a mimic.
  4415 | Temple   | Entered the Ecumenical Temple
  4780 | D:6      | Reached skill level 1 in Invocations
  4807 | D:6      | Reached XP level 9. HP: 42/45 MP: 15/15
  4845 | D:6      | Reached skill level 7 in Stealth
  5552 | D:7      | Reached skill level 5 in Maces & Flails
  5558 | D:7      | Reached skill level 5 in Fighting
  5564 | D:7      | Acquired Fedhas' second power
  5711 | D:7      | Got a dazzling helmet
  5715 | D:7      | Identified the cursed -4 helmet "Olol Myceoh" {MR+ SInv} (You found it on level 7 of the Dungeon)
  6261 | D:8      | Acquired Fedhas' third power
  6323 | D:8      | Reached XP level 10. HP: 23/51 MP: 14/18
  6331 | D:8      | Reached skill level 8 in Stealth
  6427 | D:8      | Found a staircase to the Lair.
  7151 | Lair:1   | Entered Level 1 of the Lair of Beasts
  7263 | Lair:1   | Noticed Harold
  7349 | Lair:1   | Killed Harold
  7349 | Lair:1   | Reached skill level 9 in Stealth
  7497 | Lair:1   | Learned a level 2 spell: Shroud of Golubria
  7550 | Lair:1   | Noticed Erica
  7675 | Lair:1   | Killed Erica
  7675 | Lair:1   | Reached skill level 1 in Spellcasting
  7675 | Lair:1   | Reached skill level 1 in Charms
  7675 | Lair:1   | Reached skill level 1 in Translocations
  7675 | Lair:1   | Reached XP level 11. HP: 34/56 MP: 17/21
  7819 | Lair:1   | Acquired Fedhas' fourth power
  7841 | Lair:1   | Noticed Joseph
  7856 | Lair:1   | Killed Joseph
  9269 | Lair:3   | Reached skill level 10 in Stealth
  9280 | Lair:3   | Noticed a five-headed hydra
  9292 | Lair:3   | Killed a five-headed hydra
  9305 | Lair:3   | Acquired Fedhas' fifth power
  9643 | Lair:3   | Reached skill level 5 in Evocations
  9668 | Lair:3   | Gained mutation: You regenerate. [vine stalker growth]
  9668 | Lair:3   | Reached XP level 12. HP: 21/61 MP: 4/23
 10326 | Lair:2   | Learned a level 2 spell: Song of Slaying
 10330 | Lair:2   | Learned a level 3 spell: Spectral Weapon
 10405 | Lair:4   | Found a staircase to the Snake Pit.
 10495 | Lair:4   | Found a frozen archway.
 10517 | IceCv    | Entered an ice cave
 10554 | IceCv    | Reached skill level 1 in Hexes
 10976 | Lair:4   | Learned a level 2 spell: Blink
 10978 | Lair:4   | Learned a level 1 spell: Apportation
 11143 | Lair:4   | Reached skill level 11 in Stealth
 11404 | Lair:4   | Reached skill level 5 in Invocations
 11835 | Lair:5   | Reached skill level 5 in Charms
 11843 | Lair:5   | Found a staircase to the Swamp.
 12194 | Lair:5   | Reached skill level 10 in Maces & Flails
 12568 | Lair:6   | Reached XP level 13. HP: 65/65 MP: 25/25
 14044 | Lair:7   | Noticed Snorg
 14069 | Lair:7   | Killed Snorg
 14745 | Lair:8   | Entered Level 8 of the Lair of Beasts
 14856 | Lair:8   | Reached skill level 12 in Stealth
 14856 | Lair:8   | Reached skill level 5 in Spellcasting
 15132 | Lair:8   | Reached skill level 5 in Hexes
 15142 | Lair:8   | Reached XP level 14. HP: 52/70 MP: 28/28
 15333 | Lair:8   | Got an ichor-stained long sword
 15367 | Lair:8   | Identified the +6,+7 long sword "Vischeiwk" {speed, Stlth} (You found it on level 8 of the Lair of Beasts)
 15518 | Lair:8   | Found a staircase to the Slime Pits.
 15879 | Lair:8   | Found a viscous altar of Jiyva.
 16468 | Lair:2   | Learned a level 6 spell: Haste
 16690 | D:9      | Noticed Edmund
 16702 | D:9      | Killed Edmund
 17094 | D:9      | Noticed Kae's ghost (experienced MiFi)
 17105 | D:9      | Killed Kae's ghost
 17505 | D:10     | Entered Level 10 of the Dungeon
 17621 | D:10     | Learned a level 3 spell: Dazzling Spray
 18044 | D:10     | Reached skill level 1 in Conjurations
 18339 | D:10     | Got a twisted trident
 18340 | D:10     | Identified the +4,+3 trident of Plague {freeze, +Blink rF+ Str+1} (You found it on level 10 of the Dungeon)
 19165 | D:11     | Found a staircase to the Orcish Mines.
 19167 | D:11     | Found Wemn's Armour Boutique.
 19693 | D:11     | Reached skill level 13 in Stealth
 19772 | Orc:1    | Entered Level 1 of the Orcish Mines
 20201 | Orc:1    | Found a roughly hewn altar of Beogh.
 20314 | Orc:1    | Found Crolawo's Antique Armour Boutique.
 20759 | Orc:2    | Found Kligehuble's Armour Emporium.
 20784 | Orc:2    | Noticed an orc warlord
 20822 | Orc:2    | Killed an orc warlord
 20822 | Orc:2    | Reached skill level 1 in Armour
 21077 | Orc:3    | Found a staircase to the Elven Halls.
 21121 | Orc:3    | Noticed Erolcha
 21135 | Orc:3    | Killed Erolcha
 21421 | Orc:3    | Noticed Donald
 21430 | Orc:3    | Noticed Maurice
 21442 | Orc:3    | Killed Donald
 21442 | Orc:3    | Reached XP level 15. HP: 73/73 MP: 31/31
 21449 | Orc:3    | Killed Maurice
 21820 | Orc:4    | Entered Level 4 of the Orcish Mines
 21829 | Orc:4    | Noticed Grum
 21877 | Orc:4    | Killed Grum
 22090 | Orc:4    | Found Udghesk's Book Emporium.
 22118 | Orc:4    | Bought the Incunabulum of Aid for 372 gold pieces
 22122 | Orc:4    | Learned a level 2 spell: Repel Missiles
 22126 | Orc:4    | Learned a level 3 spell: Flight
 22436 | Orc:4    | Found Trysta's Armour Emporium.
 22474 | Orc:4    | Found Psadwum's Jewellery Boutique.
 22476 | Orc:4    | Found Piudaoqa's Weapon Boutique.
 22476 | Orc:4    | Found Klaqis' Distillery.
 22500 | Orc:4    | Bought a potion of confusion for 11 gold pieces
 22509 | Orc:4    | Bought the amulet of the Four Winds {Clar rN+ MR+++} for 636 gold pieces
 22511 | Orc:4    | Bought the ring "Masawi" {rC+ Str+4 Dex+5 Int+3} for 858 gold pieces
 22881 | Elf:1    | Entered Level 1 of the Elven Halls
 23634 | Elf:1    | Found Oguimm's Book Shop.
 24165 | Elf:2    | Reached skill level 1 in Air Magic
 24406 | Elf:2    | Reached skill level 5 in Dodging
 24774 | Elf:3    | Entered Level 3 of the Elven Halls
 25606 | Elf:3    | Noticed a deep elf sorcerer
 25608 | Elf:3    | Noticed a deep elf sorcerer
 25611 | Elf:3    | Noticed a deep elf sorcerer
 25625 | Elf:3    | Killed a deep elf sorcerer
 25646 | Elf:3    | Noticed a Brimstone Fiend
 25646 | Elf:3    | Noticed an Executioner
 25648 | Elf:3    | Noticed a deep elf sorcerer
 25665 | Elf:3    | Reached XP level 16. HP: 44/77 MP: 32/32
 25722 | Elf:3    | Killed a deep elf sorcerer
 25737 | Elf:3    | Killed a deep elf sorcerer
 25768 | Elf:3    | Noticed a deep elf sorcerer
 25885 | Elf:3    | Noticed a Brimstone Fiend
 26093 | Elf:3    | Noticed a deep elf master archer
 26113 | Elf:3    | Killed a deep elf master archer
 26113 | Elf:3    | Reached skill level 10 in Charms
 26199 | Elf:3    | Reached skill level 14 in Stealth
 26199 | Elf:3    | Reached skill level 5 in Conjurations
 26231 | Elf:3    | Noticed a deep elf master archer
 26267 | Elf:3    | Killed a deep elf master archer
 26272 | Elf:3    | Killed from afar by a deep elf sorcerer

Action                   |  1- 3 |  4- 6 |  7- 9 | 10-12 | 13-15 | 16-18 || total
-------------------------+-------+-------+-------+-------+-------+-------++-------
Melee: Short sword       |    24 |    54 |       |       |       |       ||    78
       Cutlass           |       |       |    47 |       |       |       ||    47
       Whip              |       |       |   287 |   749 |  1749 |   152 ||  2937
       Crossbow          |       |       |       |       |     1 |       ||     1
 Fire: Crossbow          |    46 |    68 |    62 |    73 |   110 |     8 ||   367
Throw: Stone             |     3 |     4 |     2 |       |       |       ||     9
       Dart              |       |     2 |    21 |     4 |     3 |       ||    30
       Tomahawk          |       |       |       |       |     5 |     1 ||     6
 Cast: Shroud of Golubri |       |       |       |    16 |    56 |     2 ||    74
       Song of Slaying   |       |       |       |     6 |    21 |       ||    27
       Spectral Weapon   |       |       |       |       |    16 |     4 ||    20
       Dazzling Spray    |       |       |       |       |     4 |       ||     4
       Repel Missiles    |       |       |       |       |     3 |     1 ||     4
       Haste             |       |       |       |       |       |     1 ||     1
Invok: Evolution         |       |       |     3 |     5 |    31 |     1 ||    40
       Sunlight          |       |       |     1 |     1 |    12 |       ||    14
       Reproduction      |       |       |       |     1 |     6 |       ||     7
       Growth            |       |       |       |     1 |       |       ||     1
       Rain              |       |       |       |       |     2 |       ||     2
Evoke: Wand              |     1 |       |     2 |     9 |    18 |       ||    30
       Phial of floods   |       |       |       |       |     2 |       ||     2
  Use: Scroll            |     4 |     7 |    10 |    20 |    14 |     2 ||    57
       Potion            |       |     3 |     2 |     3 |     3 |     2 ||    13
 Stab: Sleeping          |       |     1 |    10 |    23 |    42 |       ||    76
       Distracted        |       |       |     1 |       |     9 |       ||    10
       Confused          |       |       |       |     5 |    15 |     1 ||    21
       Invisible         |       |       |       |       |     5 |       ||     5
